 Dungeon Crawl Stone Soup version bcrawl-1.21.2-20-g6d45ba5942 (webtiles) character file.

Game seed: 10700382048952443944

66 Revguard the Ruffian (level 4, -2/48 HPs)
             Began as an Ogre Martial Artist on Feb 26, 2020.
             Was a Believer of Wu Jian.
             Slain by Terence
             ... wielding a +6 short sword of draining
              (6 damage)
             ... on level 2 of the Dungeon.
             The game lasted 00:05:58 (1691 turns).

Revguard the Ruffian (Ogre Martial Artist)          Turns: 1691, Time: 00:05:59

Health: -2/48      AC:  7    Str: 21    XL:     4   Next: 15%
Magic:  5/5        EV:  9    Int: 10    God:    Wu Jian [**....]
Gold:   40         SH:  0    Dex: 12    Spells: 4/5 levels left

rFire    + . .     SeeInvis .     - Unarmed
rCold    . . .     Gourm    .   (no shield)
rNeg     . . .     Faith    .   a - +1 robe
rPois    .         Spirit   .   (helmet restricted)
rElec    .         Reflect  .   l - +2 cloak
rCorr    .         Harm     .   (gloves unavailable)
MR       .....                  (boots unavailable)
Stlth    +.........             c - amulet of inaccuracy (curse)
HPRegen  0.16/turn              j - ring of protection from fire
MPRegen  0.09/turn              (no ring)

@: mighty, exhausted, very heavily drained
A: large, unfitting armour, tough skin 1
a: Wall Jump, Serpent's Lash, Renounce Religion


You were on level 2 of the Dungeon.
You worshipped Wu Jian.
Wu Jian was pleased with you.
You were not hungry.

You visited 1 branch of the dungeon, and saw 2 of its levels.

You collected 40 gold pieces.

Inventory:

Hand Weapons
 p - a +0 mace
Armour
 a - a +1 robe (worn)
 i - a +0 cloak
 l - a +2 cloak (worn)
Jewellery
 c - a cursed amulet of inaccuracy (around neck)
 j - a ring of protection from fire (left hand)
Scrolls
 f - a scroll of identify
 h - a scroll of enchant weapon
 n - a scroll of enchant armour
Potions
 b - 2 potions of agility
 g - a potion of haste
Comestibles
 d - 4 chunks of flesh
 e - 2 rations {!d}


   Skills:
 + Level 4.3(0.7) Fighting
 * Level 0.1(0.0) Maces & Flails
 + Level 3.0(0.0) Dodging
 - Level 0.7(0.0) Stealth
 - Level 4.7(1.0) Unarmed Combat
 + Level 1.2(0.0) Spellcasting
 + Level 0.8(0.0) Hexes


You had 4 spell levels left.
You knew the following spells:

 Your Spells              Type           Power        Failure   Level  Hunger
a - Confusing Touch       Hex            #.......     36%         1    ##.....
Your spell library was empty.

Dungeon Overview and Level Annotations

Branches:
Dungeon (2/12)

Altars:

Annotations:
D:2 Terence


Innate Abilities, Weirdness & Mutations

You are too large for most types of armour.
You have tough skin. (AC +1)


Message History

You spin and attack Terence, with incredible momentum.
You hit Terence but do no damage.
Terence is severely wounded.
You feel drained.
Your supernatural speed expires.
You spin and attack Terence.
You completely miss Terence.
Terence is severely wounded.
Terence hits you with a +6 short sword of draining!
* * * LOW HITPOINT WARNING * * *
You feel drained.
* * * LOW HITPOINT WARNING * * *
It was a potion of might.
You feel very mighty all of a sudden. Terence hits you but does no damage.
You feel drained.
You barely miss Terence.
Terence is severely wounded.
Terence hits you but does no damage.
You feel drained.
You closely miss Terence.
Terence is severely wounded.
Terence hits you with a +6 short sword of draining.
You die...

#.#.......)..........#
#...##>##.##########.#
##.###.##.##########.######
##..###.##........(...÷.##.######
#........>....#######.#÷#........
##..###.#####.# #.#.##.######
.........# #.# #.#.##.##
##..###..# #.#######.#.#...# #..#
#÷.# #...@.>.........#####
#..###..# ####@................
#.......# #.###..##########.
#...###.# #.# #.## #. ##..# #.##
#.# #. ## #..##...# #.# #
###.......# #.# ..........## #.#
#...)....... #.#


You could see Terence.

Vanquished Creatures
  Robin (D:2)
  An ooze (D:1)
  A worm (D:2)
  A dart slug (D:1)
  2 leopard geckos
  5 bats
  12 goblins
  6 hobgoblins
  2 kobolds
  3 quokkas
  A frilled lizard (D:1)
  4 rats
39 creatures vanquished.

Notes
Turn   | Place    | Note
-------+----------+-------------------------------------------
     0 | D:1      | Revguard the Ogre Martial Artist began the quest for the
                  | Orb.
     0 | D:1      | Reached XP level 1. HP: 24/24 MP: 2/2
   154 | D:1      | Reached XP level 2. HP: 32/32 MP: 3/3
   955 | D:1      | Reached XP level 3. HP: 31/39 MP: 4/4
  1247 | D:2      | Noticed Robin
  1308 | D:2      | Killed Robin
  1308 | D:2      | Reached ** piety under Wu Jian
  1308 | D:2      | Reached XP level 4. HP: 19/48 MP: 5/5
  1664 | D:2      | Noticed Terence
  1691 | D:2      | Slain by Terence

Skill      XL: |  1  2  3 |
---------------+----------+-----
Unarmed Combat | 4 |  4.7
Dodging        | 3 |  3.0
Fighting       | |  4.3
Maces & Flails | |  0.1
Stealth        | |  0.7
Spellcasting   | |  1.2
Hexes          | |  0.8

Action                   |  1- 3 |  4- 6 || total
-------------------------+-------+-------++-------
Melee: Unarmed           |   152 |    52 ||   204
       Punch             |     4 |       ||     4
       Club              |       |    12 ||    12
Invok: Lunge             |    17 |     7 ||    24
       Whirlwind         |    41 |    26 ||    67
 Abil: Serpent's Lash    |       |     1 ||     1
  Use: Scroll            |     4 |     2 ||     6
       Potion            |       |     1 ||     1
 Stab: Sleeping          |     3 |     1 ||     4
  Eat: Chunk             |     1 |     2 ||     3
Armor: Robe              |    47 |    29 ||    76
Dodge: Dodged            |    68 |    40 ||   108
